Map: Romanticide LE

Players

Asuna

  • Race: Protoss Protoss
  • League: Master
  • Spawn Location: 5:00

Epic - Winner!

  • Race: Terran Terran
  • League: Grandmaster
  • Spawn Location: 11:00

Event: DreamHack SC2 Masters 2020 Winter

VOD

Have the link to the VOD?

Description

Time

  • Played on: Oct. 27, 2020, 6:59 p.m.
  • Length: 16:47

All games in this series

Show
View Real Time Build Order
Export as new Build Order

Asuna Protoss 

Build Orders: Blink Stalkers 

Get SALT Encoding   

  12  0:00  Probe  
  13  0:14  Pylon  
  13  0:16  Probe  
  14  0:28  Probe (Chrono Boost)  
  14  0:33  Gateway  
  15  0:40  Probe (Chrono Boost)  
  15  0:42  Assimilator  
  16  0:45  Probe (Chrono Boost)  
  17  0:55  Probe  
  18  1:07  Probe  
  19  1:20  Cybernetics Core  
  19  1:21  Probe  
  20  1:29  Pylon  
  20  1:33  Probe  
  20  1:37  Assimilator  
  21  1:46  Probe  
  22  1:54  Adept (Chrono Boost)  
  22  1:58  Probe  
  22  2:01  Shield Battery  
  25  2:02  Warp Gate  
  25  2:10  Probe  
  25  2:14  Adept (Chrono Boost)  
  26  2:22  Probe  
  29  2:28  Nexus  
  29  2:37  Pylon  
  29  2:39  Probe  
  30  2:49  Twilight Council  
  30  2:51  Probe  
  31  3:03  Probe  
  32  3:14  Robotics Facility  
  32  3:16  Probe  
  33  3:23  Blink (Chrono Boost)  
  33  3:25  Pylon  
  33  3:28  Probe  
  34  3:40  Probe  
  35  3:48  Probe  
  35  3:52  Probe  
  37  3:58  Gateway  
  37  4:00  Gateway x2  
  35  4:11  Probe  
  35  4:13  Observer  
  35  4:15  Probe  
  38  4:18  Stalker  
  38  4:23  Probe  
  41  4:27  Probe  
  42  4:33  Pylon  
  42  4:35  Probe (Chrono Boost)  
  42  4:36  Observer  
  44  4:41  Stalker  
  44  4:44  Probe (Chrono Boost)  
  48  4:47  Probe (Chrono Boost)  
  48  4:51  Assimilator  
  48  4:52  Probe (Chrono Boost)  
  49  4:53  Probe (Chrono Boost)  
  49  4:58  Stalker x2  
  54  5:00  Stalker  
  54  5:01  Probe  
  54  5:05  Observer  
  57  5:07  Probe  
  57  5:13  Assimilator, Probe  
  59  5:16  Observer  
  59  5:17  Pylon  
  59  5:19  Stalker, Probe  
  61  5:36  Stalker x2, Observer  
  61  5:37  Stalker  
  61  5:38  Probe x2  
  69  5:44  Observer  
  61  5:58  Observer  
  61  6:01  Observer  
  61  6:03  Nexus  
  61  6:06  Observer  
  61  6:07  Probe x2  
  61  6:08  Templar Archives  
  63  6:11  Forge  
  63  6:18  Observer  
  63  6:19  Probe x2  
  65  6:27  Shield Battery  
  65  6:28  Charge  
  65  6:29  Warp Prism  
  65  6:31  Probe  
  68  6:36  Gateway x2  
  68  6:42  Psionic Storm  
  68  6:46  Protoss Ground Armor Level 1 (Chrono Boost)  
  67  6:56  Gateway x2  
  67  7:00  Pylon x2  
  67  7:07  High Templar  
  67  7:08  High Templar x2  
  73  7:11  Probe x2  
  75  7:19  High Templar, Probe  
  75  7:20  Pylon  
  78  7:26  Gateway x2, Probe  
  78  7:27  Probe  
  80  7:41  Pylon, Zealot x3, Sentry  
  88  7:44  Zealot  
  90  7:53  Stalker x2  
  90  7:56  Shield Battery  
  90  7:58  Pylon  
  94  8:07  Pylon  
  94  8:10  Nexus  
  94  8:12  High Templar x2  
  98  8:13  Zealot  
  98  8:17  Archon  
  96  8:22  Stalker x3  
  99  8:31  Protoss Ground Weapons Level 1 (Chrono Boost), Probe x3  
  102  8:34  Zealot x4  
  102  8:37  Shield Battery  
  110  8:43  Photon Cannon  
  110  8:45  Pylon  
  110  8:58  High Templar x2, Zealot x3  
  110  8:59  Zealot  
  110  9:02  Archon  
  122  9:03  Immortal (Chrono Boost)  
  126  9:11  Photon Cannon  
  126  9:13  Stalker  
  128  9:23  Pylon  
  128  9:26  Robotics Bay  
  128  9:27  Probe x4  
  128  9:31  Zealot x4  
  136  9:39  Robotics Facility  
  136  9:44  Probe x4  
  140  9:48  Zealot  
  140  9:51  Assimilator  
  140  9:55  Zealot x4  
  140  9:56  Assimilator  
  146  10:07  Probe  
  146  10:08  Probe x3  
  150  10:15  Colossus (Chrono Boost)  
  150  10:18  Extended Thermal Lance (Chrono Boost)  
  156  10:27  Zealot x5  
  144  10:36  Observer  
  144  10:41  Colossus (Chrono Boost)  
  144  10:42  Zealot x4  
  130  10:46  Probe x3, Protoss Ground Weapons Level 2 (Chrono Boost)  
  130  10:49  Gateway  
  139  10:50  Gateway  
  139  10:58  Archon  
  139  11:02  Zealot x6  
  150  11:05  Zealot x2  
  148  11:18  Stalker  
  106  11:25  Zealot  
  106  11:26  Zealot x7  
  106  11:27  Colossus (Chrono Boost)  
  114  11:34  Colossus (Chrono Boost)  
  118  11:42  High Templar  
  118  11:44  High Templar  
  118  11:46  High Templar x2, Zealot x3  
  118  11:47  Zealot  
  134  11:49  Archon  
  134  11:50  Archon, Zealot x2  
  134  11:53  Shield Battery  
  138  12:01  Zealot  
  140  12:12  Zealot x6  
  152  12:21  Zealot x5  
  108  12:33  Zealot x6  
  106  12:42  Zealot x5  
  104  12:46  Immortal x2 (Chrono Boost)  
  110  12:54  High Templar  
  110  12:55  High Templar x4  
  110  12:56  High Templar  
  122  13:00  Archon x2  
  122  13:01  Archon  
  122  13:04  Zealot x3  
  128  13:08  Protoss Ground Armor Level 2 (Chrono Boost)  
  128  13:09  Stalker x2  
  132  13:22  Nexus  
  132  13:24  Pylon  
  132  13:26  Zealot x3  
  138  13:36  Zealot  
  138  13:38  Stalker x3  
  146  13:42  Disruptor (Chrono Boost)  
  146  13:43  Zealot  
  151  13:49  Forge  
  151  13:52  Zealot  
  151  13:53  Probe  
  148  13:56  Assimilator  
  148  13:59  Assimilator  
  148  14:06  Zealot  
  148  14:07  Disruptor (Chrono Boost)  
  148  14:08  Zealot  
  152  14:10  Dark Shrine  
  152  14:13  Pylon  
  153  14:19  Pylon  
  153  14:25  High Templar x2  
  153  14:26  High Templar x2, Zealot x5  
  153  14:31  Archon x2  
  169  14:32  Observer  
  169  14:34  Probe x4  
  169  14:36  Disruptor  
  176  14:38  Pylon  
  175  14:45  Photon Cannon  
  167  14:59  Zealot  
  129  15:00  Zealot x7  
  109  15:12  High Templar  
  85  15:14  High Templar x2  
  85  15:19  Archon  
  85  15:21  Zealot x7  
  91  15:33  Disruptor x2 (Chrono Boost)  
  91  15:34  High Templar  
  79  15:41  High Templar x3  
  90  15:42  Stalker  
  90  15:43  Stalker x3  
  90  15:45  Archon  
  90  15:46  Archon  
  90  15:47  Stalker  
  100  16:00  Stalker x2  
  100  16:02  Disruptor (Chrono Boost)  
  104  16:04  Assimilator  
  104  16:06  Assimilator  
  104  16:10  Zealot  
  104  16:11  Zealot x2  
  113  16:28  Shield Battery  
  113  16:30  Pylon  
  113  16:32  Zealot x4  
  115  16:38  Stalker  
  115  16:39  Stalker  
Show
View Real Time Build Order
Export as new Build Order

Epic Terran - Winner!

Build Orders: Reaper Expand 

Get SALT Encoding   

  12  0:00  SCV  
  13  0:12  SCV  
  14  0:17  Supply Depot  
  14  0:24  SCV  
  15  0:39  SCV  
  15  0:40  Barracks  
  15  0:42  Refinery  
  16  0:51  SCV  
  17  1:03  SCV  
  18  1:15  SCV  
  19  1:27  Reaper  
  19  1:28  Orbital Command  
  19  1:30  Engineering Bay  
  19  1:52  Command Center  
  19  1:54  SCV  
  19  2:01  Marine  
  20  2:06  Bunker  
  20  2:08  SCV  
  22  2:14  Supply Depot  
  22  2:20  SCV  
  23  2:25  Factory  
  23  2:27  Barracks Reactor  
  23  2:35  SCV  
  24  2:37  Refinery  
  24  2:47  SCV  
  25  3:01  SCV  
  25  3:03  Marine x2  
  28  3:06  Orbital Command  
  28  3:10  Starport, Hellion  
  30  3:13  SCV  
  31  3:22  Marine x2  
  31  3:25  SCV  
  33  3:31  Factory Tech Lab  
  33  3:32  SCV  
  34  3:37  SCV  
  34  3:40  Marine x2  
  37  3:47  Viking  
  37  3:48  SCV  
  40  3:49  SCV  
  40  3:51  Supply Depot  
  40  3:53  Siege Tank  
  44  4:00  SCV  
  44  4:02  SCV  
  46  4:13  Command Center  
  46  4:14  SCV  
  46  4:15  SCV  
  48  4:19  Supply Depot  
  48  4:26  SCV  
  48  4:27  SCV  
  48  4:30  Marine x2  
  53  4:36  Medivac, Barracks  
  52  4:39  SCV x2  
  52  4:44  Siege Tank  
  57  4:47  Bunker  
  57  4:49  Supply Depot  
  57  4:51  Marine x2  
  59  4:53  SCV x2  
  61  5:04  Barracks  
  61  5:07  Starport Tech Lab  
  61  5:08  SCV  
  61  5:11  Marine x2, SCV, Supply Depot  
  65  5:18  Siege Tank  
  65  5:21  SCV  
  69  5:23  SCV  
  69  5:28  Barracks Tech Lab  
  70  5:30  Marine x2  
  70  5:31  Engineering Bay  
  67  5:39  Marauder, Stimpack  
  67  5:40  SCV x2  
  67  5:41  Orbital Command  
  71  5:52  Marine x2  
  71  5:55  Barracks Tech Lab, Siege Tank  
  71  5:58  SCV x2  
  71  6:04  Refinery  
  72  6:08  SCV  
  72  6:10  SCV, Refinery  
  74  6:14  Marine x2, Marauder  
  77  6:19  SCV  
  77  6:21  SCV  
  77  6:24  Marauder  
  77  6:25  SCV  
  82  6:28  Starport Reactor  
  82  6:31  SCV  
  83  6:34  SCV  
  83  6:37  SCV  
  83  6:38  Marine  
  83  6:39  Marauder, Marine  
  87  6:43  SCV  
  87  6:45  Marauder  
  87  6:47  Siege Tank  
  93  6:50  Barracks  
  93  6:55  Barracks  
  93  6:56  Terran Infantry Weapons Level 1  
  93  7:02  Marine, Orbital Command  
  93  7:08  Combat Shield  
  93  7:11  Supply Depot x2  
  93  7:17  Supply Depot  
  93  7:26  Supply Depot  
  93  7:27  Marine x2, SCV x2  
  93  7:28  Marauder x2  
  101  7:32  Medivac, SCV  
  101  7:33  Siege Tank  
  107  7:39  SCV x2  
  107  7:41  Supply Depot  
  107  7:42  Supply Depot  
  107  7:44  Barracks Tech Lab, SCV, Barracks Reactor  
  109  7:48  Marine x2  
  109  7:49  Supply Depot  
  112  7:52  SCV x2, Marauder  
  112  7:55  Marauder  
  118  7:59  SCV  
  118  8:00  Refinery  
  118  8:04  SCV x2  
  120  8:07  Siege Tank  
  120  8:10  Supply Depot  
  120  8:11  Supply Depot, Refinery  
  123  8:15  Marine, Marauder x2  
  123  8:16  Marine  
  128  8:24  Medivac x2  
  132  8:31  Marine x2, Marauder  
  132  8:32  Ghost Academy  
  132  8:33  Concussive Shells, Marine  
  137  8:39  Supply Depot  
  137  8:40  Supply Depot, Marine  
  138  8:42  Siege Tank  
  138  8:43  Marauder  
  138  8:48  Marauder  
  145  8:49  Marine  
  145  8:51  Bunker  
  145  8:53  Marine x2  
  145  8:54  Medivac  
  150  8:56  Viking  
  150  8:58  Marine  
  150  9:02  Supply Depot  
  153  9:03  Ghost  
  153  9:04  Supply Depot  
  155  9:10  Ghost  
  155  9:12  Marine x2  
  155  9:13  Marine  
  159  9:24  Command Center  
  158  9:27  Viking x2  
  162  9:32  Terran Infantry Armor Level 1  
  162  9:37  Ghost  
  164  9:45  Marine x4  
  165  9:46  Marauder x2  
  165  9:48  Siege Tank  
  174  9:58  SCV  
  175  10:00  Barracks  
  175  10:02  Barracks x2  
  175  10:06  Marauder  
  177  10:12  Enhanced Shockwaves  
  177  10:13  Marine  
  177  10:14  Marine x2, Marauder x2  
  183  10:23  Viking x2  
  183  10:25  Siege Tank  
  183  10:28  Marauder  
  180  10:41  Ghost x2  
  180  10:42  Marine x3  
  176  10:52  Marauder  
  176  10:53  Barracks Tech Lab, Barracks Reactor  
  176  10:54  Armory, Marine x2  
  176  10:55  Engineering Bay  
  180  11:00  Marine  
  180  11:03  Siege Tank  
  186  11:06  Marine x2  
  186  11:11  Marauder x2  
  186  11:12  Marine  
  186  11:14  Marauder  
  186  11:18  Marine x2, Marauder  
  157  11:19  Viking x2  
  157  11:26  Marine  
  157  11:32  Marauder x2  
  151  11:35  Siege Tank  
  151  11:36  Marine, Planetary Fortress  
  149  11:41  Marine x3  
  149  11:42  Marine  
  149  11:44  Marine  
  154  11:50  Terran Infantry Weapons Level 2  
  154  11:54  Medivac x2  
  154  11:57  Marine x2  
  160  12:06  Marine x3  
  160  12:08  Marauder x2  
  167  12:12  Marauder x2  
  170  12:21  Marine x2  
  150  12:23  Siege Tank  
  150  12:28  Viking  
  150  12:29  Marauder x2  
  147  12:33  Marauder x2  
  147  12:34  Marine  
  142  12:40  Marine  
  134  12:47  SCV x3  
  134  12:48  SCV  
  138  12:51  Terran Infantry Armor Level 2  
  138  12:56  Ghost  
  140  12:59  Medivac x2  
  140  13:01  Starport  
  142  13:05  Ghost  
  142  13:08  Marine  
  142  13:09  Marine x3  
  142  13:11  Factory Reactor  
  148  13:13  Ghost  
  148  13:17  Marine x2, Marauder  
  148  13:18  Barracks Tech Lab  
  154  13:22  Missile Turret  
  154  13:26  Terran Ship Weapons Level 1  
  154  13:29  Medivac  
  154  13:33  SCV x4, Refinery x2  
  160  13:37  Medivac  
  160  13:39  Ghost  
  160  13:40  Marine x4  
  166  13:41  Marine  
  166  13:42  Marine x2  
  167  13:59  Marine, Marauder  
  167  14:00  Marauder, Marine x5  
  167  14:01  Marine  
  167  14:02  Viking  
  180  14:07  Viking  
  182  14:17  Ghost x2  
  182  14:20  Command Center, Viking  
  182  14:22  Viking  
  190  14:34  Marauder x3  
  190  14:37  Marine x3  
  198  14:46  Viking  
  162  15:00  Marauder x3  
  162  15:01  Marine x3, Marauder x2  
  155  15:10  Marine x2  
  152  15:18  Medivac x3  
  157  15:21  Marauder  
  157  15:22  Marauder x2  
  157  15:26  Marine x2  
  157  15:27  Marine x4  
  157  15:28  Marine x2  
  165  15:37  Planetary Fortress  
  165  15:42  Ghost  
  165  15:43  Marauder x2  
  165  15:48  Ghost, Unknown  
  171  15:59  Marine x5  
  171  16:00  Marine x2  
  176  16:04  Missile Turret  
  185  16:22  Fusion Core  
Tags
 
Add a new tag
Caveats
  • Supply blocks, unpowered buildings, or Contaminate may cause inaccurate times.
  • Supply counts are checked every 10 seconds.